 Dungeon Crawl Stone Soup version 0.20.2-3-g29329e0561 (webtiles) character file.

341 Alfie the Covered (level 6, -9/47 HPs)
             Began as a Hill Orc Fighter on Feb 27, 2024.
             Killed from afar by an orc wizard (10 damage)
             ... with a puff of flame
             ... on level 3 of the Dungeon.
             The game lasted 00:05:22 (1416 turns).

Alfie the Covered (Hill Orc Fighter)                Turns: 1416, Time: 00:05:24

Health: -9/47      AC:  7    Str: 21    XL:     6   Next: 56%
Magic:  6/6        EV: 10    Int: 13    God:
Gold:   177        SH: 12    Dex: 10    Spells: 5/5 levels left

rFire    . . .     SeeInvis .   a - +0 rapier
rCold    . . .     Gourm    .   c - +0 shield
rNeg     . . .     Faith    .   b - +0 scale mail
rPois    .         Spirit   .   (helmet restricted)
rElec    .         Reflect  +   (no cloak)
rCorr    .         Harm     .   (no gloves)
MR       .....                  (no boots)
Stlth    ..........             n - +3 amulet of reflection
Regen    0.2/turn               (no ring)
MPRegen  0.1/turn               (no ring)

@: brilliant, lethally poisoned (-9 -> -16)
A: horns 2, repulsion field 1, frail 1
a: no special abilities


You were on level 3 of the Dungeon.
You were not hungry.

You visited 1 branch of the dungeon, and saw 3 of its levels.

You collected 177 gold pieces.

Inventory:

Hand Weapons
 a - a +0 rapier (weapon)
Armour
 b - a +0 scale mail (worn)
 c - a +0 shield (worn)
Jewellery
 l - an uncursed amulet of magic regeneration
 n - a +3 amulet of reflection (around neck)
 o - a cursed ring of loudness {unknown}
Scrolls
 e - a scroll of blinking {unknown}
 g - a scroll of amnesia {unknown}
 h - 2 scrolls of fear {unknown}
 m - 2 scrolls of remove curse {unknown}
Potions
 d - 3 potions of might
 j - a potion of berserk rage {unknown}
 k - a potion of degeneration {unknown}
Comestibles
 f - 2 bread rations


   Skills:
 + Level 4.7 Fighting
 + Level 3.9 Short Blades
 + Level 4.9 Armour
 + Level 0.8 Dodging
 + Level 0.1 Stealth
 + Level 4.7 Shields


You had 5 spell levels left.
You didn't know any spells.

Dungeon Overview and Level Annotations

Branches:
Dungeon (3/15)

Altars:
Elyvilon
Fedhas
Hepliaklqana
Vehumet
Xom
Yredelemnul


Innate Abilities, Weirdness & Mutations

You have a pair of horns on your head.
You are surrounded by a mild repulsion field. (EV +2)
You are frail. (-10% HP)


Message History

The orc completely misses you. Something hits you.
* * * LOW HITPOINT WARNING * * *
The kobold hits you but does no damage.
You hit the kobold.
You kill the kobold!
You feel sick. The orc wizard casts a spell at you.
The puff of flame reflects off an invisible shield around you!
The puff of flame hits the orc wizard.
You block the orc's attack. Something hits you.
* * * LOW HITPOINT WARNING * * *
The orc wizard hits you with a dagger.
* * * LOW HITPOINT WARNING * * *
It was a potion of brilliance.
You feel clever all of a sudden.
* * * LOW HITPOINT WARNING * * *
You feel sick. You block something's attack. You block the orc's attack.
The orc wizard gestures at you while chanting.
The puff of flame hits you!
You die...

####.# .. #.#<..#.#.#.#
#(# .....# .#
#.#...#.#.#.# #.# ######
$ #.#...#.#.#.# #.# #
#.#.#...#...#.#####.#
##>#.#.#......#........#
.)......###.......####.#
.............P.P..# ###
......oo###..._..#######
.......@)(...P.P........
.......$####.....#######
........# #######
....((..# #########


You could see an orc wizard and an orc.

Vanquished Creatures
  Sigmund (D:2)
  An orc priest (D:3)
  Natasha (thrice) (D:2)
  An ooze (D:1)
  3 worms
  3 dart slugs
  2 orcs (D:3)
  9 bats
  4 giant cockroaches
  10 goblins
  7 hobgoblins
  7 kobolds
  A quokka (D:3)
  A frilled lizard (D:3)
  8 rats
61 creatures vanquished.

Notes
Turn   | Place    | Note
-------+----------+-------------------------------------------
     0 | D:1      | Alfie the Hill Orc Fighter began the quest for the Orb.
     0 | D:1      | Reached XP level 1. HP: 19/19 MP: 1/1
    56 | D:1      | You fall through a shaft!
    67 | D:2      | Reached XP level 2. HP: 17/27 MP: 2/2
   104 | D:2      | Noticed Natasha
   110 | D:2      | Killed Natasha
   110 | D:2      | Reached XP level 3. HP: 5/33 MP: 3/3
   123 | D:2      | Gained mutation: You have a pair of small horns on your head. [potion of mutation]
   123 | D:2      | Gained mutation: You are frail. (-10% HP) [potion of mutation]
   123 | D:2      | Gained mutation: You have a pair of horns on your head. [potion of mutation]
   123 | D:2      | Gained mutation: You are surrounded by a mild repulsion field. (EV +2) [potion of mutation]
   184 | D:2      | Noticed Natasha
   206 | D:2      | Killed Natasha
   206 | D:2      | Reached XP level 4. HP: 7/36 MP: 4/4
   260 | D:2      | Noticed Natasha
   268 | D:2      | Killed Natasha
   724 | D:2      | Reached XP level 5. HP: 23/42 MP: 5/5
   783 | D:2      | Noticed Sigmund
   798 | D:2      | Killed Sigmund
   798 | D:2      | Reached XP level 6. HP: 31/47 MP: 6/6
  1049 | D:2      | Found a shimmering altar of Xom.
  1049 | D:2      | Found a blossoming altar of Fedhas.
  1054 | D:2      | Found a hazy altar of Hepliaklqana.
  1056 | D:2      | Found a faded altar of an unknown god.
  1057 | D:2      | Found a radiant altar of Vehumet.
  1312 | D:3      | Found a basalt altar of Yredelemnul.
  1375 | D:3      | Found a white marble altar of Elyvilon.
  1415 | D:3      | HP: 2/47 [orc wizard/dagger (3)]
  1416 | D:3      | Killed from afar by an orc wizard

Skill      XL: |  1  2  3  4  5 |
---------------+----------------+-----
Fighting       | 4 |  4.7
Armour         | 4 |  4.9
Shields        | 4 |  4.7
Short Blades   | 3 |  3.9
Dodging        | |  0.8
Stealth        | |  0.1

Action                   |  1- 3 |  4- 6 || total
-------------------------+-------+-------++-------
Melee: Rapier            |    32 |   127 ||   159
       Headbutt          |     2 |    28 ||    30
  Use: Potion            |     1 |     1 ||     2
  Eat: Royal jelly       |       |     1 ||     1
Armor: Scale mail        |     3 |    44 ||    47
Dodge: Dodged            |     7 |    42 ||    49
Block: Shield            |    14 |    70 ||    84
       Reflection        |       |     4 ||     4
